 Dungeon Crawl Stone Soup version 0.26-a0-612-gd4d190f45e (webtiles) character file.

Game seed: 13801027849779957441

23 PentaManta the Grasshopper (level 3, -1/24 HPs)
             Began as a Halfling Warper on Sept 9, 2020.
             Slain by an adder (2 damage)
             ... on level 2 of the Dungeon.
             The game lasted 00:06:41 (1212 turns).

PentaManta the Grasshopper (Halfling Warper)        Turns: 1212, Time: 00:06:42

Health: -1/24      AC:  3    Str: 12    XL:     3   Next: 12%
Magic:  6/6        EV: 15    Int: 12    God:
Gold:   56         SH:  0    Dex: 13    Spells: 4/6 levels left

rFire    . . .     SeeInvis .   k - +0 short sword
rCold    . . .     Faith    .   (shield restricted)
rNeg     . . .     Spirit   .   b - +0 leather armour
rPois    .         Reflect  .   (no helmet)
rElec    .         Harm     .   (no cloak)
rCorr    .                      (no gloves)
MR       .....                  (no boots)
Stlth    +.........             (no amulet)
HPRegen  0.08/turn              (no ring)
MPRegen  0.10/turn              (no ring)

@: no status effects
A: small, mutation resistance 1
a: no special abilities


You were on level 2 of the Dungeon.
You visited 1 branch of the dungeon, and saw 2 of its levels.

You collected 56 gold pieces.

Inventory:

Hand Weapons
 a - a +0 falchion
 k - a +0 short sword (weapon)
Missiles
 e - 5 boomerangs of dispersal (quivered)
Armour
 b - a +0 leather armour (worn)
Jewellery
 i - a cursed amulet of inaccuracy {unknown}
 j - a +6 ring of dexterity {unknown}
Scrolls
 c - 2 scrolls of remove curse {unknown}
 d - 2 scrolls of blinking
 f - a scroll of identify {unknown}
Potions
 g - a potion of haste {unknown}
 h - a potion of degeneration {unknown}


   Skills:
 - Level 1.7 Fighting
 + Level 2.4 Long Blades
 - Level 1.0 Throwing
 - Level 1.1 Armour
 + Level 2.8 Dodging
 + Level 2.0 Spellcasting
 - Level 3.2 Translocations


You had 4 spell levels left.
You knew the following spells:

 Your Spells              Type           Power        Failure   Level
a - Blink                 Tloc           N/A          14%         2

Your spell library contained the following spells:

 Spells                   Type           Power        Failure   Level
 Gell's Gravitas          Tloc           #.........   26%         3
 Lesser Beckoning         Tloc           #.........   26%         3
 Teleport Other           Tloc           #.......     26%         3
 Passage of Golubria      Tloc           N/A          65%         4


Dungeon Overview and Level Annotations

Branches:
Dungeon (2/15)

Altars:


Innate Abilities, Weirdness & Mutations

You are small and have problems with some larger weapons.
You are somewhat resistant to further mutation.


Message History

You hit the adder but do no damage.
The adder is severely wounded.
The adder completely misses you.
You miss the adder.
The adder is severely wounded.
The adder bites you.
* * * LOW HITPOINT WARNING * * *
The adder misses you. The adder bites you.
* * * LOW HITPOINT WARNING * * *
You feel sick. The adder misses you. The adder completely misses you.
The adder misses you. The adder closely misses you. The adder misses you.
You feel sick.
You are no longer poisoned.
The adder closely misses you. The adder bites you.
* * * LOW HITPOINT WARNING * * *
The adder bites you.
You die...

###.##.#.##...#...#.#
#. #.[............#.
..##.#..........#...
. ...####..[......#
................##.
###.#..............
#####.#.#..#.#....#..
#....................
#@S..............
###.####..[.....#
#.......S##....
####.#.........
.......##..##
#?....#.# .#
#...#.#.# # ........#


You could see an adder.

Vanquished Creatures
  A worm (D:1)
  A leopard gecko (D:2)
  2 bats
  2 giant cockroaches (D:1)
  A hobgoblin (D:1)
  2 frilled lizards
  3 goblins (D:1)
  3 kobolds
  6 rats
21 creatures vanquished.

Notes
Turn   | Place    | Note
-------+----------+-------------------------------------------
     0 | D:1      | PentaManta the Halfling Warper began the quest for the Orb.
     0 | D:1      | Reached XP level 1. HP: 14/14 MP: 3/3
   167 | D:1      | Reached XP level 2. HP: 19/19 MP: 4/4
   738 | D:1      | Learned a level 2 spell: Blink
   842 | D:1      | Reached XP level 3. HP: 14/24 MP: 5/5
  1211 | D:2      | HP: 1/24 [adder (1)]
  1212 | D:2      | Slain by an adder

Illustrated notes

Levels and vault maps discovered:
D:1:      enne_arrival_octagon_isle, layout_loops_ring
D:2:      layout_basic, nicolae_qazlal_general_emergency

Skill      XL: |  1  2  3 |
---------------+----------+-----
Spellcasting   | 2 |  2.0
Fighting       | |  1.7
Long Blades    | |  2.4
Throwing       | |  1.0
Armour         | |  1.1
Dodging        | |  2.8
Translocations | |  3.2

Action                   || total
-------------------------++-------
Melee: Falchion          ||    41
       Short sword       ||    53
 Cast: Blink             ||     1
 Stab: Sleeping          ||     1
Armor: Leather armour    ||    24
Dodge: Dodged            ||    78
       Rpst.: Falchion   ||    10

Table legend: (Time is in decaauts)
 A = Elapsed time spent in this place.
 B = Non-inter-level travel time spent in this place.
 C = Inter-level travel time spent in this place.
 D = Time resting spent in this place.
 E = Time spent auto-exploring this place.
 F = Levels seen in this place.
 G = Mean time per level.
                   A        B        C        D        E       F      G
               +--------+--------+--------+--------+--------+-----+--------+
         Total |   1224 |   1193 |     31 |    125 |    711 |   2 |  612.0 |
       Dungeon |   1224 |   1193 |     31 |    125 |    711 |   2 |  612.0 |
               +--------+--------+--------+--------+--------+-----+--------+

Top non-repeatable levels by time:
     D:1: 964 daAuts
     D:2: 259 daAuts
